 Dungeon Crawl Stone Soup version 0.17-a0-1655-g88a8506 (webtiles) character file.

271 matakusis the Sneak (level 6, 0/41 HPs)
             Began as a Vampire Enchanter on Aug 15, 2015.
             Slain by an orc
             ... wielding a +0 dagger
             ... created by the fury of Okawaru
              (1 damage)
             ... on level 3 of the Dungeon.
             The game lasted 00:15:09 (2878 turns).

matakusis the Sneak (Vampire Enchanter)             Turns: 2878, Time: 00:15:09

Health: 0/41       AC: 10    Str:  9      XL:     6   Next: 2%
Magic:  9/9        EV: 20    Int: 22      God:
Gold:   286        SH:  0    Dex: 19 (22) Spells: 1 memorised, 8 levels left

rFire  . . .     SeeInvis +     z - +3 dagger (drain)
rCold  . . .     Clarity  +     b - +2 robe
rNeg   . . .     SustAt   .     (no shield)
rPois  +         Gourm    .     (no helmet)
rElec  .         Spirit   .     u - +2 cloak {rPois}
rCorr  .         Warding  .     q - +2 pair of gloves
rMut   .         Stasis   .     (no boots)
MR     .....                    t - amulet of clarity
Stlth  +++++.....               (no ring)
                                p - ring of flight

@: brilliant, agile, flying, regenerating quickly, not resistant to hostile
enchantments, quite stealthy
A: fangs 3, see invisible, strong 1, unbreathing
a: no special abilities


You were on level 3 of the Dungeon.
You were very full.

You visited 1 branch of the dungeon, and saw 3 of its levels.

You collected 286 gold pieces.

Inventory:

Hand weapons
 z - a +3 dagger of draining (weapon)
Armour
 b - a +2 robe (worn)
 q - a +2 pair of gloves (worn)
 u - a +2 cloak of poison resistance (worn)
Jewellery
 p - a ring of flight (left hand)
 t - an amulet of clarity (around neck)
Magical devices
 r - a wand of slowing (16)
 w - a wand of random effects (27)
Scrolls
 g - a scroll of recharging
 l - a scroll of fog
Potions
 d - 23 potions of blood
 k - a potion of flight
Books
 c - a book of Maledictions

   Spells                             Type                      Level
   a - Corona                         Hexes                        1
   b - Ensorcelled Hibernation        Hexes/Ice                    2
   c - Confuse                        Hexes                        3
   d - Tukima's Dance                 Hexes                        3
   e - Dazzling Spray                 Conjuration/Hexes            3


   Skills:
 + Level 1.3 Short Blades
 + Level 4.2 Dodging
 * Level 7.7 Stealth
 + Level 2.3 Spellcasting
 * Level 5.6 Hexes


You had 8 spell levels left.
You knew the following spells:

 Your Spells              Type           Power        Failure   Level  Hunger
a - Corona                Hex            #####..      1%          1    None


Dungeon Overview and Level Annotations

Branches:
Dungeon (3/15)

Altars:
Ashenzari
Cheibriados
Makhleb
Okawaru
Trog
Zin
The Shining One


Innate Abilities, Weirdness & Mutations

Your natural rate of healing is unusually fast.
You have razor-sharp teeth.
You have supernaturally acute eyesight.
You can survive without breathing.
Your muscles are strong. (Str +2)


Message History

The orc misses you.
Drink which item? (? for menu, Esc to quit)
It was a potion of agility.
You feel agile all of a sudden. The orc warrior misses you.
The orc barely misses you. The orc misses you.
Drink which item? (? for menu, Esc to quit)
You feel better.
The orc warrior hits you but does no damage.
The orc hits you with a trident!
* * * LOW HITPOINT WARNING * * *
The orc hits you but does no damage.
You hit the orc but do no damage.
The orc is lightly wounded.
The orc warrior hits you from afar with a trident.
* * * LOW HITPOINT WARNING * * *
The orc completely misses you. The orc closely misses you.
You hit the orc.
The orc is almost dead.
The orc warrior closely misses you. The orc hits you with a dagger.
You die...

##################
#...ooo@oO...[..(#
######.##############.#######
#......# ................#.
#.###### #####.....####...
#.# #.###.# ###. #.# #.# #.#
#. #.# #.# #.# #. #.# #.# #.#
#. #.# #.#####.# #.# ####.


You could see a two-headed ogre, an orc warrior and 3 orcs.

Vanquished Creatures
  A necrophage (D:3)
  Crazy Yiuf (D:2)
  An orc wizard (D:3)
  3 adders (D:2)
  An ooze (D:1)
  3 worms
  A giant gecko (D:2)
  5 orcs
  8 bats
  3 giant cockroaches
  8 goblins
  5 hobgoblins
  3 quokkas
  5 giant newts
  5 kobolds
  43 rats
96 creatures vanquished.

Notes
Turn   | Place    | Note
--------------------------------------------------------------
     0 | D:1      | matakusis the Vampire Enchanter began the quest for the Orb.
     0 | D:1      | Reached XP level 1. HP: 13/13 MP: 3/3
   509 | D:1      | Reached XP level 2. HP: 19/19 MP: 5/5
   686 | D:1      | Reached skill level 5 in Stealth
   896 | D:1      | Reached skill level 5 in Hexes
   968 | D:2      | Reached XP level 3. HP: 24/24 MP: 6/6
  1114 | D:2      | Found a bloodstained altar of Trog.
  1192 | D:2      | Learned a level 3 spell: Confuse
  1499 | D:2      | Noticed Crazy Yiuf
  1505 | D:2      | Killed Crazy Yiuf
  1505 | D:2      | Reached skill level 6 in Stealth
  1505 | D:2      | Reached XP level 4. HP: 30/30 MP: 7/7
  2013 | D:3      | Found a glowing silver altar of Zin.
  2470 | D:3      | Reached XP level 5. HP: 35/35 MP: 8/8
  2479 | D:3      | Noticed a necrophage
  2494 | D:3      | Killed a necrophage
  2494 | D:3      | Reached skill level 7 in Stealth
  2522 | D:3      | Found a burning altar of Makhleb.
  2522 | D:3      | Found a glowing golden altar of the Shining One.
  2522 | D:3      | Found a snail-covered altar of Cheibriados.
  2605 | D:3      | Found a shattered altar of Ashenzari.
  2728 | D:3      | Reached XP level 6. HP: 33/41 MP: 2/9
  2792 | D:3      | Found a faded altar to an unknown god.
  2808 | D:3      | Became a worshipper of Warmaster Okawaru
  2808 | D:3      | Acquired Okawaru's first power
  2809 | D:3      | Fell from the grace of Okawaru
  2861 | D:3      | Noticed a two-headed ogre
  2865 | D:3      | Gained mutation: You are robust (+10% HP). [potion of mutation]
  2865 | D:3      | Gained mutation: You have a pair of small antennae on your head. [potion of mutation]
  2865 | D:3      | Gained mutation: You are partially covered in thin metallic scales (AC +2). [potion of mutation]
  2872 | D:3      | Lost mutation: You have a pair of small antennae on your head. [potion of cure mutation]
  2872 | D:3      | Lost mutation: You are partially covered in thin metallic scales (AC +2). [potion of cure mutation]
  2872 | D:3      | Lost mutation: You are robust (+10% HP). [potion of cure mutation]
  2873 | D:3      | Gained mutation: Your muscles are strong. (Str +2) [potion of beneficial mutation]
  2873 | D:3      | HP: 1/41 [orc warrior/trident[the fury of Okawaru] (22)]
  2878 | D:3      | Slain by an orc

Vault maps used:
D:1:      dpeg_arrival_arbitrary_c
D:2:      lightli_temple_of_fire, serial_bayou_pond_d, grunt_decor_mini_mirrors,
          minmay_rats_cheesy_pizza, uniq_crazy_yiuf_cottage
D:3:      zin_treasury, ashenzari_altar_1, gammafunk_temple_overflow_claw,
          ecumenical_altar_1

Action                   |  1- 3 |  4- 6 || total
-------------------------+-------+-------++-------
Melee: Dagger            |   125 |   186 ||   311
 Cast: Confuse           |     1 |     4 ||     5
Invok: Renounce Religion |       |     1 ||     1
  Use: Scroll            |     2 |     5 ||     7
       Potion            |       |    12 ||    12
 Stab: Sleeping          |    12 |    12 ||    24
       Confused          |     2 |     3 ||     5
  Eat: Corpse            |    11 |     7 ||    18
